 Dungeon Crawl Stone Soup version 0.17.1-3-g152610e (webtiles) character file.

745 Peloso the Shield-Bearer (level 7, 0/61 HPs)
             Began as a Minotaur Fighter on Apr 17, 2016.
             Was a Follower of Okawaru.
             Succumbed to a centaur's poison
             ... while paralysed by Grinder
             ... on level 5 of the Dungeon.
             The game lasted 00:08:24 (3031 turns).

Peloso the Shield-Bearer (Minotaur Fighter)         Turns: 3031, Time: 00:08:24

Health: 0/61       AC: 12    Str: 21    XL:     7   Next: 47%
Magic:  6/6        EV:  2    Int:  5    God:    Okawaru [*.....]
Gold:   153        SH:  0    Dex: 11    Spells: 0 memorised, 6 levels left

rFire  + . .     SeeInvis .     a - +0 long sword
rCold  . . .     Clarity  .     B - +0 plate armour
rNeg   . . .     SustAt   .     w - +0 large shield
rPois  .         Gourm    .     (helmet restricted)
rElec  .         Spirit   .     (no cloak)
rCorr  .         Warding  .     (no gloves)
rMut   .         Stasis   .     (no boots)
MR     .....                    (no amulet)
Stlth  ..........               F - ring of protection from fire
                                A - ring of loudness (curse)

@: paralysed, lethally poisoned (0 -> -2), not resistant to hostile
enchantments, extremely unstealthy
A: retaliatory headbutt, horns 2
a: Heroism, Renounce Religion


You were on level 5 of the Dungeon.
You worshipped Okawaru.
Okawaru was aware of your devotion.
You were not hungry.

You visited 2 branches of the dungeon, and saw 6 of its levels.

You collected 153 gold pieces.

Inventory:

Hand Weapons
 a - a +0 long sword (weapon)
 l - a +2 mace of holy wrath
Armour
 b - a +0 scale mail
 c - a +0 shield
 w - a +0 large shield (worn)
 B - a +0 plate armour (worn)
Jewellery
 f - an uncursed ring of stealth
 A - a cursed ring of loudness (left hand)
 D - an uncursed ring of sustain attributes
 F - a ring of protection from fire (right hand)
Scrolls
 g - 4 scrolls of identify {unknown}
 i - 4 scrolls of remove curse {unknown}
 j - a scroll of amnesia {unknown}
 k - 2 scrolls of fear {unknown}
 t - 2 scrolls of immolation {unknown}
 u - 2 scrolls of enchant weapon {unknown}
 v - a scroll of fog {unknown}
 x - 3 scrolls of enchant armour {unknown}
 y - 3 scrolls of random uselessness {unknown}
 z - a scroll of magic mapping {unknown}
 H - a scroll of blinking {unknown}
Potions
 d - a potion of might
 h - 3 potions of curing {unknown}
 m - 2 potions of haste {unknown}
 n - 3 potions of heal wounds {unknown}
 q - a potion of lignification {unknown}
 r - 2 potions of poison {unknown}
 s - a potion of magic {unknown}
 C - a potion of resistance {unknown}
 J - a potion of berserk rage {unknown}
Books
 G - a Necronomicon

   Spells                             Type                      Level
   a - Haunt                          Necromancy/Summoning         7
   b - Borgnjor's Revivification      Necromancy                   8
   c - Death's Door                   Charms/Necromancy            8
   d - Necromutation                  Transmutation/Necromancy     8
Comestibles
 e - 7 bread rations
 o - 3 meat rations
 p - 3 fruits
 E - 3 chunks of flesh
 I - a beef jerky


   Skills:
 + Level 5.0 Fighting
 + Level 4.7 Long Blades
 + Level 6.0 Armour
 + Level 2.5 Dodging
 + Level 0.1 Stealth
 + Level 6.9 Shields


You had 6 spell levels left.
You didn't know any spells.

Dungeon Overview and Level Annotations

Branches:
Dungeon (5/15)             Temple (1/1) D:4

Altars:
Ashenzari
Elyvilon
Fedhas
Gozag
Kikubaaqudgha
Nemelex Xobeh
Okawaru
Qazlal
Ru
Trog
Vehumet
Yredelemnul
Zin
The Shining One

Annotations:
D:5 Grinder


Innate Abilities, Weirdness & Mutations

You reflexively headbutt those who attack you in melee.
You have a pair of horns on your head.


Message History

Grinder is lightly wounded.
Grinder hits you but does no damage.
The centaur hits you but does no damage.
Grinder gestures at you.
You suddenly lose the ability to move!
You feel sick. The centaur barely misses you.
The centaur hits you with a shortbow. Grinder hits you but does no damage.
The centaur hits you but does no damage.
Grinder hits you but does no damage.
You feel sick. The centaur hits you with a shortbow. Grinder hits you.
* * * LOW HITPOINT WARNING * * *
You writhe in agony. x2
The centaur hits you with a shortbow.
* * * LOW HITPOINT WARNING * * *
The centaur hits you with a shortbow.
* * * LOW HITPOINT WARNING * * *
Grinder gestures at you. Pain shoots through your body!
* * * LOW HITPOINT WARNING * * *
You die...

....# #...# §§.§§§ ....# #...#
§§.§§ . ....# #...# #§§.####..
....## #...# #.§....... ....#
##...###.#.### #(....... ....
####..##.....# #(...#... ....
.####........# ##.#.## ##..####
..#####......###5c#.# #......#
..............##@##.# #......#
......##......##(##)# ####......#
.####.##.#.#.....##.###.........#
## #..#.#.##)....#.....##......#
##...#...........#####......#
##...............###......# .#
#...###......##...##.##### .####
##.....#.#.#.#####.##.###
.....#..#.....###.# ##.......##


You could see Grinder and a centaur.

Vanquished Creatures
  A phantom (D:4)
  A hound (D:5)
  A giant frog zombie (D:5)
  An orc priest (D:4)
  A centaur skeleton (D:5)
  A crimson imp (D:5)
  Ijyb (D:2)
  5 orc wizards (D:4)
  A worker ant (D:5)
  A gnoll shaman (D:4)
  An iguana (D:4)
  5 adders
  10 gnolls
  A shadow imp (D:5)
  3 oozes
  3 giant geckos
  12 orcs
  A giant cockroach (D:4)
  8 goblins
  11 hobgoblins
  A quokka (D:2)
  A ball python (D:1)
  6 bats
  8 kobolds
  5 rats
90 creatures vanquished.

Notes
Turn   | Place    | Note
--------------------------------------------------------------
     0 | D:1      | Peloso the Minotaur Fighter began the quest for the Orb.
     0 | D:1      | Reached XP level 1. HP: 19/19 MP: 0/0
    81 | D:1      | Reached skill level 4 in Shields
    81 | D:1      | Reached XP level 2. HP: 16/27 MP: 1/1
   453 | D:2      | Reached XP level 3. HP: 28/33 MP: 2/2
   568 | D:2      | Noticed Ijyb
   581 | D:2      | Killed Ijyb
   581 | D:2      | Reached skill level 1 in Dodging
   581 | D:2      | Reached XP level 4. HP: 40/40 MP: 3/3
  1489 | D:3      | Found a shattered altar of Ashenzari.
  1745 | D:4      | Reached skill level 5 in Shields
  1745 | D:4      | Reached XP level 5. HP: 35/46 MP: 4/4
  1783 | D:4      | Found a staircase to the Ecumenical Temple.
  1808 | Temple   | Entered the Ecumenical Temple
  1963 | Temple   | Became a worshipper of Warmaster Okawaru
  2059 | D:4      | Noticed a phantom
  2072 | D:4      | Killed a phantom
  2072 | D:4      | Reached skill level 5 in Armour
  2095 | D:4      | Found a white marble altar of Elyvilon.
  2109 | D:4      | Reached XP level 6. HP: 50/53 MP: 5/5
  2373 | D:4      | Reached * piety under Okawaru
  2389 | D:4      | Found an ancient bone altar of Kikubaaqudgha.
  2575 | D:4      | Reached skill level 6 in Shields
  2636 | D:4      | Reached XP level 7. HP: 41/60 MP: 6/6
  2675 | D:5      | Entered Level 5 of the Dungeon
  2871 | D:5      | Reached skill level 5 in Fighting
  2904 | D:5      | Found a blossoming altar of Fedhas.
  3013 | D:5      | Noticed Grinder
  3026 | D:5      | Paralysed by Grinder for 6 turns
  3030 | D:5      | HP: 1/61 [Grinder/nerve-wracking pain (9)]
  3031 | D:5      | Succumbed to a centaur's poison

Action                   |  1- 3 |  4- 6 |  7- 9 || total
-------------------------+-------+-------+-------++-------
Melee: Long sword        |    76 |   169 |    72 ||   317
  Eat: Chunk             |       |     5 |     2 ||     7
